Map: Kairos Junction LE

Players

Senryakku - Winner!

  • Race: Terran Terran
  • League: Master
  • Spawn Location: 11:00

A.I. 1 (Elite)

  • Race: Protoss Protoss
  • Spawn Location: 5:00

VOD

Have the link to the VOD?

Description

Time

  • Played on: April 4, 2019, 11:03 a.m.
  • Length: 9:55
Show
View Real Time Build Order
Export as new Build Order

Senryakku Terran - Winner!

Build Orders: Gas First Reaper Expand, Banshee Rush 

Get SALT Encoding   

  12  0:00  SCV  
  13  0:13  SCV  
  14  0:17  Supply Depot  
  14  0:25  SCV  
  15  0:31  Refinery  
  15  0:38  SCV  
  16  0:44  Barracks  
  16  0:50  SCV  
  17  1:02  SCV  
  18  1:14  SCV  
  19  1:32  Orbital Command, Reaper  
  20  1:42  Command Center  
  20  1:57  Factory  
  20  1:58  SCV  
  21  2:07  Refinery  
  21  2:08  Barracks Reactor  
  21  2:10  SCV  
  21  2:14  Supply Depot  
  22  2:22  SCV  
  23  2:36  SCV  
  24  2:43  Starport  
  24  2:48  Hellion  
  24  2:49  Hellion  
  24  2:50  SCV  
  29  2:55  Orbital Command  
  29  2:57  Barracks Tech Lab  
  29  3:02  SCV  
  32  3:13  Hellion x2  
  32  3:18  SCV  
  35  3:21  SCV  
  35  3:26  Banshee  
  39  3:28  Cloaking Field  
  39  3:32  Supply Depot  
  39  3:36  SCV  
  39  3:37  SCV  
  41  3:46  Factory Tech Lab, Marine x2  
  43  3:50  SCV x2  
  45  3:56  Bunker  
  45  4:00  Supply Depot  
  45  4:02  SCV  
  46  4:03  SCV  
  46  4:04  Marine x2  
  46  4:09  Banshee  
  52  4:17  SCV x2  
  52  4:21  Siege Tank  
  52  4:24  Supply Depot  
  57  4:26  Marine x2  
  57  4:31  SCV x2  
  61  4:39  Barracks  
  61  4:40  Barracks  
  62  4:45  SCV x2  
  62  4:51  Marine x2  
  65  4:52  Engineering Bay  
  65  4:53  Siege Tank  
  65  4:59  SCV x2  
  70  5:03  Refinery  
  70  5:06  Supply Depot  
  70  5:17  Barracks  
  70  5:18  Barracks  
  70  5:20  Supply Depot  
  70  5:23  Terran Infantry Weapons Level 1  
  70  5:27  SCV x2, Marine x2  
  70  5:28  Supply Depot  
  74  5:35  Stimpack, Combat Shield  
  74  5:41  SCV x2  
  74  5:42  Refinery, Marine x2  
  77  5:45  Factory Reactor, Starport Reactor  
  77  5:49  Supply Depot  
  78  5:51  Supply Depot  
  78  5:54  SCV x2  
  78  5:56  Marine x2  
  82  6:05  Marauder x2  
  82  6:06  Barracks Reactor, Barracks Tech Lab  
  86  6:14  Marine x2  
  88  6:21  Supply Depot  
  88  6:22  Medivac  
  88  6:23  Medivac  
  88  6:24  Widow Mine x2  
  96  6:26  Marauder  
  96  6:28  Marauder  
  96  6:30  Marauder  
  96  6:32  Marine x2  
  104  6:38  Concussive Shells  
  104  6:42  Marine  
  104  6:43  Marine  
  104  6:45  Supply Depot  
  106  6:48  Widow Mine x2  
  106  6:49  Marauder  
  106  6:50  Marauder  
  106  6:51  Marauder  
  106  6:52  Marine x2  
  118  7:06  Marine x2  
  118  7:07  Supply Depot, Medivac x2  
  118  7:08  Supply Depot  
  126  7:22  Marauder  
  126  7:29  Widow Mine, Marauder x2, Marine x4  
  138  7:30  Supply Depot, Widow Mine  
  138  7:40  Medivac x2  
  138  7:44  Command Center  
  124  7:52  Marine x2  
  124  7:53  Marine x2  
  124  7:54  Marauder x3  
  124  7:57  Widow Mine  
  132  8:00  Terran Infantry Armor Level 1  
  132  8:05  Supply Depot  
  132  8:07  Supply Depot  
  132  8:17  Marine x4  
  132  8:18  Marauder x2  
  140  8:22  Marauder  
  140  8:23  Widow Mine  
  140  8:24  Widow Mine  
  140  8:26  SCV  
  140  8:27  SCV  
  144  8:36  Marine x2  
  144  8:37  Marine x2  
  144  8:38  Medivac x2  
  152  8:47  SCV x2  
  154  8:49  Engineering Bay  
  154  8:53  Armory  
  154  9:04  Marine x4  
  154  9:05  Marauder x3  
  163  9:22  Marine x3  
  163  9:23  Widow Mine x2, Medivac  
  172  9:27  Marauder x3  
Show
View Real Time Build Order
Export as new Build Order

A.I. 1 (Elite) Protoss 

Build Orders: Colossus Rush 

Get SALT Encoding   

  12  0:00  Probe  
  13  0:13  Probe  
  14  0:20  Pylon  
  14  0:25  Probe  
  15  0:34  Probe  
  15  0:42  Probe  
  16  0:48  Assimilator  
  17  0:50  Gateway  
  17  0:52  Probe  
  18  1:00  Probe  
  18  1:01  Pylon  
  18  1:08  Probe  
  20  1:19  Probe  
  21  1:31  Probe  
  22  1:38  Cybernetics Core  
  22  1:40  Zealot  
  22  1:43  Probe  
  25  1:58  Nexus  
  25  2:01  Probe  
  25  2:05  Warp Gate  
  26  2:09  Stalker  
  26  2:13  Probe  
  29  2:25  Probe  
  29  2:27  Pylon  
  30  2:37  Probe  
  30  2:39  Gateway  
  30  2:42  Assimilator  
  31  2:49  Adept, Probe  
  34  2:56  Pylon  
  34  3:00  Probe  
  35  3:09  Probe  
  35  3:10  Probe  
  36  3:17  Probe  
  36  3:19  Adept  
  39  3:24  Robotics Facility  
  40  3:27  Adept  
  40  3:28  Probe  
  40  3:31  Probe  
  44  3:40  Probe  
  45  3:44  Probe  
  46  3:49  Adept  
  46  3:52  Probe  
  49  3:56  Probe  
  50  4:04  Adept  
  50  4:05  Probe  
  50  4:08  Probe  
  54  4:14  Pylon  
  54  4:16  Observer  
  56  4:17  Probe, Robotics Bay  
  56  4:20  Probe  
  56  4:21  Adept  
  59  4:25  Robotics Facility  
  59  4:28  Pylon  
  59  4:29  Probe  
  59  4:31  Stalker  
  62  4:36  Stalker  
  64  4:40  Pylon, Probe  
  64  4:42  Probe  
  66  5:04  Gateway, Colossus  
  66  5:11  Zealot  
  66  5:13  Pylon  
  68  5:15  Zealot  
  76  5:24  Pylon  
  76  5:29  Zealot  
  76  5:31  Zealot  
  80  5:45  Probe x2, Stalker  
  80  5:46  Assimilator  
  84  5:50  Twilight Council  
  84  5:55  Forge  
  84  5:56  Assimilator, Nexus  
  84  6:02  Sentry  
  86  6:09  Pylon, Probe x2  
  88  6:14  Pylon  
  88  6:17  Probe  
  88  6:22  Probe  
  88  6:25  Probe  
  90  6:28  Forge  
  90  6:30  Templar Archives  
  91  6:45  Photon Cannon  
  91  6:51  Photon Cannon  
  91  6:56  Photon Cannon  
  91  6:59  Gateway  
  91  7:01  Stalker  
  91  7:06  Stalker  
  91  7:07  High Templar  
  97  7:09  Probe x2  
  97  7:10  Probe  
  100  7:19  Probe  
  100  7:21  Probe  
  100  7:22  Assimilator, Stalker  
  104  7:23  Probe  
  104  7:24  Stalker  
  104  7:25  Pylon  
  104  7:27  Probe, Assimilator  
  107  7:33  Probe  
  107  7:35  Probe  
  107  7:36  Probe  
  110  7:39  High Templar  
  110  7:42  Zealot  
  110  7:44  Immortal  
  115  7:45  Probe  
  115  7:46  Pylon  
  115  7:47  Zealot  
  115  7:48  Probe  
  115  7:49  Probe  
  100  7:52  Zealot  
  100  7:58  Probe  
  85  8:00  Probe  
  85  8:02  Zealot, Probe  
  87  8:06  Probe  
  87  8:07  Stalker  
  87  8:12  Sentry, Adept, Probe  
  95  8:22  Zealot  
  95  8:23  Probe  
  86  8:27  Probe x2  
  86  8:30  High Templar  
  86  8:32  Sentry  
  86  8:33  Adept  
  69  8:35  Probe  
  69  8:39  Pylon, Probe  
  71  8:42  Adept  
  71  8:48  Stalker  
  73  8:50  Pylon  
  53  8:57  Pylon  
  53  8:58  Probe  
  53  9:02  Zealot  
  42  9:03  Adept  
  42  9:10  Stalker  
  42  9:15  Probe  
  42  9:16  Pylon  
  43  9:30  Probe  
  44  9:35  Gateway  
Tags
 
Add a new tag
Caveats
  • Supply blocks, unpowered buildings, or Contaminate may cause inaccurate times.
  • Supply counts are checked every 10 seconds.